AoeStats
← Fenix

African Clearing

510519304Analyzed
4v4 RM · 1d ago on Oct 1, 2026· 60m 1s· 8 players
Game mode
Random Map
Map size
Large (8 player)
Population
200
Speed
Normal
Resources
Standard
Victory
Conquest
Starting age
Dark Age
Ending age
Imperial Age
RankedLock teamsTeams togetherTeam positionsShared explorationLock speedFull tech treeHidden civsTurbo modeCheats
Victory
Defeat
🇹🇷 Mongols · Türkiye
1435
+11
🇦🇷 Magyars · Argentina
1412
+12
🇺🇸 Varangians · United States
1388
+13
🇹🇼 Gurjaras · Taiwan
1373
+13
🇨🇳 Franks · China
1333
-13
🇨🇳 Teutons · China
1322
-12
🇵🇪 Byzantines · Peru
1309
-12
🇳🇴 Koreans · Norway
1309
-12
HappyHalb
4:38 Loom
14:04 Feudal Age
15:21 Horse Collar
15:59 Double-Bit Axe
23:32 Castle Age
32:43 Bow Saw
36:21 Wheelbarrow
36:27 Bloodlines
36:45 Scale Barding Armor
39:14 Chain Barding Armor
39:02 Husbandry
40:15 Forging
40:53 Fletching
43:53 Hand Cart
47:54 Imperial Age
48:04 Iron Casting
49:12 Plate Barding Armor
48:02 Elite Jarl
49:54 Stone Mining
49:54 Gold Mining
55:06 Blast Furnace
54:17 Bodkin Arrow
54:24 Scale Mail Armor
55:51 Squires
55:13 Elite Varangian Guard
55:39 Arson
57:28 Conscription
57:35 Gambesons
57:56 Gambesons
PocaChota
15:14 Feudal Age
16:54 Loom
17:11 Double-Bit Axe
20:08 Castle Age
18:21 Fishing Lines
19:34 Bloodlines
21:36 Bow Saw
21:17 Gillnets
21:26 Light Cavalry
22:07 Husbandry
23:10 Scale Barding Armor
27:21 Wheelbarrow
28:02 Chain Barding Armor
28:30 Horse Collar
32:51 Gold Mining
32:52 Stone Mining
34:13 Hand Cart
34:53 Corvinian Army
40:12 Imperial Age
37:32 Treadmill Crane
39:30 Fletching
40:24 Bodkin Arrow
40:29 Elite Magyar Huszar
41:36 Conscription
42:26 Two-Man Saw
43:48 Hoardings
43:21 Town Watch
44:45 Plate Barding Armor
44:34 Ballistics
45:14 Chemistry
43:55 Treadmill Crane
44:47 Bracer
46:48 Padded Archer Armor
46:54 Thumb Ring
47:17 Parthian Tactics
47:42 Masonry
47:42 Town Patrol
47:56 Heavy Cavalry Archer
49:50 Leather Archer Armor
50:36 Recurve Bow
53:14 Heavy Plow
53:51 Gold Shaft Mining
53:18 Caravan
54:02 Ring Archer Armor
54:08 Onager
55:19 Siege Engineers
Jun Misugi
3:02 Loom
13:38 Feudal Age
14:42 Double-Bit Axe
17:24 Castle Age
15:53 Fletching
17:12 Gold Mining
18:20 Bow Saw
24:44 Wheelbarrow
28:10 Bloodlines
28:00 Town Watch
31:15 Ballistics
31:43 Husbandry
32:55 Bodkin Arrow
38:49 Imperial Age
37:07 Padded Archer Armor
37:49 Hand Cart
37:28 Elite Skirmisher
38:30 Horse Collar
39:37 Bracer
40:32 Leather Archer Armor
41:21 Chemistry
41:10 Conscription
41:48 Elite Mangudai
42:18 Light Cavalry
43:34 Scale Barding Armor
43:40 Forging
45:01 Chain Barding Armor
荒野一條蟲
4:21 Loom
15:58 Feudal Age
16:59 Double-Bit Axe
20:13 Forging
21:06 Scale Barding Armor
23:21 Castle Age
23:11 Bloodlines
25:07 Husbandry
26:12 Bow Saw
31:18 Wheelbarrow
30:39 Horse Collar
33:09 Hand Cart
33:07 Heavy Plow
33:14 Stone Mining
33:51 Hand Cart
40:56 Imperial Age
38:13 Town Watch
38:56 Ballistics
39:15 Town Patrol
39:35 Kshatriyas
40:42 Iron Casting
43:03 Conscription
43:15 Elite Chakram Thrower
44:18 Chain Barding Armor
45:51 Chemistry
45:44 Scale Mail Armor
46:20 Plate Barding Armor
46:48 Hoardings
47:54 Chain Mail Armor
47:52 Light Cavalry
49:14 Elite Shrivamsha Rider
50:24 Gold Mining
51:05 Hussar
52:18 Plate Mail Armor
52:33 Fletching
56:18 Gold Shaft Mining
56:19 Stone Shaft Mining
56:08 Caravan
Noob
10:44 Loom
13:16 Feudal Age
17:38 Castle Age
15:26 Double-Bit Axe
21:47 Fletching
26:29 Horse Collar
29:58 Wheelbarrow
29:09 Town Watch
29:46 Bow Saw
30:44 Heavy Plow
32:44 Bodkin Arrow
37:01 Imperial Age
35:42 Hand Cart
35:20 Gold Mining
35:37 Husbandry
37:54 Bracer
38:58 Chemistry
38:19 Ballistics
38:05 Siege Engineers
38:32 Elite War Wagon
39:34 Conscription
40:38 Eupseong
42:53 Shinkichon
42:47 Siege Engineers
43:03 Cavalier
46:05 Thumb Ring
47:53 Murder Holes
47:44 Arrowslits
47:50 Heated Shot
老牌休闲玩家
3:24 Loom
16:07 Feudal Age
20:33 Castle Age
19:03 Double-Bit Axe
25:44 Wheelbarrow
26:23 Bow Saw
26:35 Town Watch
26:43 Stone Mining
29:57 Gold Mining
29:55 Pikeman
33:20 Fletching
36:40 Hand Cart
38:52 Scale Mail Armor
39:07 Forging
40:21 Scale Mail Armor
45:20 Imperial Age
43:53 Scale Barding Armor
45:31 Chain Barding Armor
47:31 Husbandry
黄黄越
3:41 Loom
12:50 Feudal Age
20:12 Castle Age
18:16 Stone Mining
20:21 Double-Bit Axe
20:19 Horse Collar
28:11 Wheelbarrow
30:01 Scale Mail Armor
32:19 Chain Mail Armor
32:43 Squires
36:18 Forging
37:50 Heavy Plow
38:34 Gold Mining
42:33 Imperial Age
39:50 Town Watch
41:50 Iron Casting
43:36 Conscription
43:36 Elite Teutonic Knight
44:21 Gambesons
44:22 Arson
45:02 Fletching
45:36 Bow Saw
46:33 Ballistics
48:58 Hoardings
50:18 Blast Furnace
50:07 Bodkin Arrow
51:15 Plate Mail Armor
51:42 Bodkin Arrow
51:47 Padded Archer Armor
52:50 Chemistry
52:01 Masonry
51:58 Elite Skirmisher
Fenix
15:03 Feudal Age
15:05 Loom
16:36 Double-Bit Axe
20:16 Castle Age
18:05 Horse Collar
19:50 Gold Mining
20:04 Fletching
20:22 Crossbowman
25:31 Ballistics
34:23 Imperial Age
32:41 Padded Archer Armor
33:06 Bodkin Arrow
35:02 Thumb Ring
34:51 Arbalester
36:11 Bracer
37:26 Elite Skirmisher
39:16 Wheelbarrow
40:27 Chemistry
41:41 Padded Archer Armor
42:50 Leather Archer Armor
43:20 Scale Mail Armor
43:30 Forging
43:38 Heavy Plow
43:39 Pikeman
44:36 Halberdier
45:17 Squires
46:56 Ring Archer Armor
48:10 Conscription
48:17 Chain Mail Armor
48:12 Forging
47:50 Man-at-Arms
49:33 Plate Mail Armor
49:02 Gambesons
50:40 Bow Saw
51:27 Bombard Tower
52:14 Iron Casting
52:23 Treadmill Crane
52:10 Elite Varangian Guard
53:47 Murder Holes
54:35 Logistica
56:13 Arrowslits
56:48 Scale Barding Armor
Connection lost

Rejoining the realm…

Still unreachable

The connection could not be restored.

Session expired

The server has moved on; the page needs a fresh start.